 Dungeon Crawl Stone Soup version 0.17-a0-1475-g9f81d98 (webtiles) character file.

417 amnekian the Sneak (level 6, -6/38 HPs)
             Began as an Octopode Transmuter on July 2, 2015.
             Mangled by an orc warrior
             ... wielding a +0 war axe
              (14 damage)
             ... on level 4 of the Dungeon.
             The game lasted 00:24:08 (5557 turns).

amnekian the Sneak (Octopode Transmuter)            Turns: 5557, Time: 00:24:08

Health: -6/38      AC:  2    Str: 10    XL:     6   Next: 93%
Magic:  6/9        EV: 19    Int: 17    God:
Gold:   272        SH:  0    Dex: 17    Spells: 3 memorised, 3 levels left

rFire  . . .     SeeInvis .       - Unarmed
rCold  . . .     Clarity  .     (shield currently unavailable)
rNeg   + . .     SustAt   .     (helmet currently unavailable)
rPois  x         Gourm    .     (no amulet)
rElec  .         Spirit   .     g - ring of positive energy
rCorr  .         Warding  .     r - ring of stealth
rMut   .         Stasis   .     (no ring)
MR     .....                    (no ring)
Stlth  +++++.....               (no ring)
                                (no ring)
                                (no ring)
                                (no ring)

@: spider-form, not resistant to hostile enchantments, quite stealthy
A: almost no armour, amphibious, 8 rings, (constrict 8), (camouflage 0),
(gelatinous body 0)
a: End Transformation


You were on level 4 of the Dungeon.
You were not hungry.
You were a venomous arachnid creature.
You visited 1 branch of the dungeon, and saw 5 of its levels.

You collected 272 gold pieces.

Inventory:

Hand weapons
 b - a +0 blowgun (melded)
 B - a +3 whip of draining
Missiles
 a - 12 arrows
 d - 223 stones (quivered)
 e - 13 javelins
 m - 12 poisoned needles
 H - 3 tomahawks
Armour
 h - a +0 shield
 y - a +0 large shield
Jewellery
 g - a ring of positive energy (left front leg)
 r - a ring of stealth (right front leg)
 D - an uncursed ring of poison resistance {unknown}
Magical devices
 x - a wand of cold (9)
Scrolls
 f - 3 scrolls of identify
 n - a scroll of remove curse {unknown}
 o - a scroll of enchant armour {unknown}
 u - 3 scrolls of recharging {unknown}
 A - a scroll of magic mapping {unknown}
 E - a scroll of fog {unknown}
 F - a scroll of enchant weapon
 G - a scroll of blinking {unknown}
Potions
 i - a potion of resistance {unknown}
 j - a potion of lignification {unknown}
 l - 2 potions of flight {unknown}
 q - 4 potions of heal wounds
 s - a potion of mutation {unknown}
 w - a potion of agility
 z - a potion of might {unknown}
 C - a potion of cancellation {unknown}
Books
 p - a book of Changes

   Spells                             Type                      Level
   a - Beastly Appendage              Transmutation                1
   b - Sticks to Snakes               Transmutation                2
   c - Spider Form                    Transmutation/Poison         3
   d - Ice Form                       Ice/Transmutation            4
   e - Blade Hands                    Transmutation                5
Comestibles
 c - 7 bread rations
 t - a royal jelly
 v - a meat ration


   Skills:
 - Level 1.0 Fighting
 - Level 2.0 Dodging
 - Level 6.3 Stealth
 * Level 3.0 Unarmed Combat
 - Level 2.0 Spellcasting
 - Level 4.0 Transmutations
 - Level 4.0 Poison Magic


You had 3 spell levels left.
You knew the following spells:

 Your Spells              Type           Power        Failure   Level  Hunger
a - Beastly Appendage     Trmt           ###...       12%         1    #......
b - Sticks to Snakes      Trmt           ###.......   17%         2    ###....
c - Spider Form           Trmt/Pois      ###.......   28%         3    ###....


Dungeon Overview and Level Annotations

Branches:
Dungeon (5/15)             Temple (0/1) D:4

Altars:
Ashenzari
Cheibriados
Gozag
Okawaru
Sif Muna
Zin

Annotations:
D:2 exclusions: adder, giant cockroach and 1 more exclusion
D:5 exclusion: sky beast


Innate Abilities, Weirdness & Mutations

You cannot wear most types of armour.
You are amphibious.
You can wear up to eight rings at the same time.
((You can use your tentacles to constrict eight enemies at once.))
((Your skin changes colour to match your surroundings (Stealth).))
((Your rubbery body absorbs attacks (AC +1).))


Message History

The orc warrior hits you with a war axe!
The orc priest calls upon Beogh to heal the orc warrior.
The orc warrior is healed somewhat.
The orc priest calls down the wrath of Beogh upon you.
You barely resist.
Casting: Spider Form
Confirm with . or Enter, or press ? or * to list all spells.
You turn into a venomous arachnid creature.
Your +0 blowgun melds into your body.
The orc warrior misses you.
The orc priest calls down the wrath of Beogh upon you.
Something smites you!
You bite the orc warrior!
The orc warrior looks even sicker.
The orc warrior is severely wounded.
The orc warrior hits you with a war axe!
* * * LOW HITPOINT WARNING * * *
Unknown command.
You hit the orc warrior.
The orc warrior is almost dead.
The orc warrior hits you with a war axe!
You die...

#
#................######....
##...................##..###
###.......####...#........##
##.#......## ##..#####....##
#.........####...# ###..#
###..........#..## #..#
#..###..#.....## #..#####
##..# #..####..# #.....##
#..## #..# ##s## #.......
#..# #..# ##o.# ##.......
#.## #..# ##..o## ##......#.
#.#
##..###.....#####.........
###
#...#.....#...##..###.....
#.......####(.....# ####..
### #.....### ##....## ###
#.#####....## ##......## #
#.........## ##...(....###


You could see an orc warrior and an orc priest.

Vanquished Creatures
  2 scorpions (D:4)
  An orc priest (D:4)
  An orc wizard (D:4)
  A hound (D:4)
  2 worker ants (D:4)
  4 adders
  3 gnolls (D:4)
  An ooze (D:3)
  3 worms
  11 orcs
  10 bats
  11 hobgoblins
  2 ball pythons (D:1)
  6 giant cockroaches
  2 giant geckos
  A giant newt (D:3)
  16 goblins
  11 kobolds
  2 quokkas (D:3)
  15 rats
105 creatures vanquished.

Notes
Turn   | Place    | Note
--------------------------------------------------------------
     0 | D:1      | amnekian the Octopode Transmuter began the quest for the Orb.
     0 | D:1      | Reached XP level 1. HP: 13/13 MP: 3/3
    37 | D:1      | Reached skill level 1 in Stealth
   291 | D:1      | Reached XP level 2. HP: 18/18 MP: 3/5
   358 | D:1      | Learned a level 2 spell: Sticks to Snakes
   561 | D:1      | Found a snail-covered altar of Cheibriados.
  1200 | D:1      | Reached XP level 3. HP: 19/23 MP: 6/6
  1569 | D:2      | Reached skill level 4 in Stealth
  1585 | D:2      | Found a deep blue altar of Sif Muna.
  2084 | D:2      | Learned a level 3 spell: Spider Form
  2580 | D:2      | Reached skill level 5 in Stealth
  2727 | D:3      | Reached XP level 4. HP: 24/28 MP: 5/7
  2879 | D:3      | Found an iron altar of Okawaru.
  2892 | D:3      | Found an opulent altar of Gozag.
  2904 | D:3      | Found a shattered altar of Ashenzari.
  2907 | D:3      | Found a glowing silver altar of Zin.
  3960 | D:4      | Reached skill level 1 in Poison Magic
  3976 | D:4      | Reached XP level 5. HP: 31/33 MP: 5/8
  4274 | D:4      | Found a staircase to the Ecumenical Temple.
  4667 | D:4      | Reached XP level 6. HP: 38/38 MP: 9/9
  5265 | D:5      | Entered Level 5 of the Dungeon
  5490 | D:4      | Reached skill level 6 in Stealth
  5542 | D:4      | Noticed an orc warrior
  5557 | D:4      | Mangled by an orc warrior

Vault maps used:
D:1:      scummos_arrival_hexagon, grunt_decor_clamped,
          grunt_decor_mini_mirrors, cheibriados_altar_1
D:2:      old_standard_altar
D:3:      grunt_temple_overflow_cloverleaf, minivault_11,
          kennysheep_generic_room_9
D:4:      minmay_temple_entry_from_below_a, first_bread
D:5:      kennysheep_mini_moat

Action                   |  1- 3 |  4- 6 || total
-------------------------+-------+-------++-------
Melee: Unarmed           |   104 |   130 ||   234
 Fire: Blowgun           |       |    15 ||    15
Throw: Stone             |     1 |     2 ||     3
 Cast: Beastly Appendage |    13 |     6 ||    19
       Spider Form       |       |     6 ||     6
  Use: Scroll            |       |     3 ||     3
 Stab: Sleeping          |    10 |    21 ||    31
  Eat: Chunk             |     4 |     9 ||    13
       Royal jelly       |       |     1 ||     1
